 Dungeon Crawl Stone Soup version 0.31.0-11-ge490571c62 (webtiles) character file.

Game seed: 15640374304044656436

600 Monkooky the Apothecary (level 7, 0/51 (55) HPs)
             Began as a Naga Alchemist on Feb 2, 2024.
             Was an Initiate of Ru.
             Slain by a wight
             ... wielding a +0 morningstar
              (1 damage)
             ... on level 7 of the Dungeon.
             The game lasted 00:11:40 (3794 turns).

Monkooky the Apothecary (Naga Alchemist)            Turns: 3794, Time: 00:11:40

HP:   0/51 (55)     AC:  6    Str: 10    XL:     7   Next: 41%
MP:   2/13          EV: 10    Int: 17    God:    Ru [......]
Gold: 140           SH:  0    Dex: 12    Spells: 2/14 levels left

rFire   . . .        r - staff of conjuration
rCold   . . .        (no shield)
rNeg    . . .        a - +0 robe
rPois   +            (no helmet)
rElec   .            v - +2 cloak
rCorr   .            (no gloves)
SInv    +            (no barding)
Will    .....        (no amulet)
Stlth   ++           (no ring)
HPRegen 0.28/turn    (no ring)
MPRegen 0.13/turn

%: no passive effects
@: mighty, very slightly contaminated, drained, very slow
A: AC +2, large, see invisible, deformed body, poison resistance, slowness 2,
spit poison 1, naga tail 1
a: Spit Poison, Renounce Religion


You were on level 7 of the Dungeon.
You worshipped Ru.
Ru was noncommittal.
You visited 2 branches of the dungeon, and saw 6 of its levels.

You collected 140 gold pieces.

Inventory:

Hand Weapons
 d - a +0 spear
 n - a +0 whip of draining
 w - a +3 quarterstaff of chaos
Missiles
 k - 2 throwing nets
Armour
 a - a +0 robe (worn)
 v - a +2 cloak (worn)
Magical Staves
 r - a staff of conjuration (weapon)
Jewellery
 h - a ring of ice
 p - a ring of ice
Scrolls
 c - a scroll of enchant weapon
 f - a scroll of blinking
 g - a scroll of identify
 j - 2 scrolls of revelation
 m - a scroll of amnesia
Potions
 b - 3 potions of magic
 e - 2 potions of brilliance
 i - a potion of might
 l - a potion of heal wounds {unknown}
 q - 2 potions of degeneration {unknown}
 s - a potion of attraction {unknown}
 t - a potion of mutation {unknown}
 x - a potion of haste {unknown}


   Skills:
 - Level 1.7 Dodging
 - Level 3.3 Stealth
 - Level 4.0 Spellcasting
 - Level 2.6 Conjurations
 + Level 1.3 Fire Magic
 - Level 2.0 Air Magic
 - Level 7.2 Alchemy


You had 2 spell levels left.
You knew the following spells:

 Your Spells              Type           Power      Damage    Failure   Level
a - Sting                 Conj/Alch      100%       1d9       1%          1
b - Mephitic Cloud        Conj/Alch/Air  25%        N/A       10%         3
c - Olgreb's Toxic Radia  Alch           28%        N/A       8%          4
d - Sticky Flame          Fire/Alch      18%        2d6       26%         4

Your spell library contained the following spells:

 Spells                   Type           Power      Damage    Failure   Level
 Mercury Vapours          Alch/Air       38%        N/A       3%          2
 Lesser Beckoning         Tloc           6%         N/A       24%         2
 Gell's Gravitas          Tloc           3%         N/A       43%         3
 Summon Ice Beast         Ice/Summ       3%         N/A       43%         3
 Teleport Other           Tloc           3%         N/A       43%         3
 Tukima's Dance           Hex            3%         N/A       43%         3
 Yara's Violent Unravell  Hex/Alch       7%         3d5       69%         5
 Passage of Golubria      Tloc           3%         N/A       83%         4
 Summon Mana Viper        Hex/Summ       3%         N/A       99%         5
 Monstrous Menagerie      Summ           1%         N/A       100%        7


Dungeon Overview and Level Annotations

Branches:
Dungeon (7/15)             Temple (1/1) D:4

Altars:
Ashenzari
Cheibriados
Dithmenos
Elyvilon
Gozag
Hepliaklqana
Makhleb
Nemelex Xobeh
Okawaru
Ru
Uskayaw
Vehumet
Wu Jian
Xom
Zin
The Shining One

Annotations:
D:3 Grinder
D:4 Eustachio
D:7 exclusion: yak


Innate Abilities, Weirdness & Mutations

Your serpentine skin is tough. (AC +2)
You have supernaturally acute eyesight. (SInv)
Armour fits poorly on your strangely shaped body.
Your system is resistant to poisons. (rPois)
You cover ground very slowly.
You can spit poison.
You have a snake-like lower body.


Message History

You feel drained. The wight freezes you.
Casting: Sticky Flame (quite dangerous; 34% risk of failure)
Confirm with . or Enter, or press ? or * to list all spells.
Aiming: Sticky Flame (quite dangerous; 34% risk of failure)
Press: ? - help, Shift-Dir - straight line, f/p - wight
Aim: a wight, wielding a +3 hand axe of freezing and wearing a +0 robe (almost destroyed)
The sticky flame hits the wight.
You destroy the wight!
The wight throws a stone.
The stone hits you but does no damage.
Your Fire Magic skill increases to level 1!
As you read the scroll labelled XERYOB XATUI, it crumbles to dust.
You hear a loud clanging noise!
It was a scroll of noise.
You hear an angry growl.
The wight closely misses you.
The air fills with toxic fumes!
As you read the scroll labelled RUM OBOET, it crumbles to dust.
It was a scroll of poison.
The wight closely misses you.
Casting: Sticky Flame (quite dangerous; 26% risk of failure)
Confirm with . or Enter, or press ? or * to list all spells.
Aiming: Sticky Flame (quite dangerous; 26% risk of failure)
Press: ? - help, Shift-Dir - straight line, f - wight
Aim: a wight, wielding a +0 morningstar and wearing a +0 robe You miscast Sticky Flame.
You are very lightly contaminated with residual magic.
Nothing appears to happen.
Okay, then.
It was a potion of might.
You feel very mighty all of a sudden.
The wight hits you with a +0 morningstar!
* * * LOW HITPOINT WARNING * * *
You hit the wight.
The wight is lightly damaged.
The wight barely misses you.
You hit the wight.
The wight is lightly damaged.
The wight hits you with a +0 morningstar!
* * * LOW HITPOINT WARNING * * *
You feel drained.
You die...

.....
#...'.♣♣♣♣P♣...
..§§§. #)..#♣♣
♣♣P#.. ...§§§
##### ♣♣##.
....§☼# #.
.....§. #.
...[..z### #.
#.zz# ##. ###z#
#.. #@## #)#
#§§## #.#
##☼§## #.#
##§§## ######.#
##§§# #......#
##§# #......#
#§## #.....##
#..####.....#
##...###...##


You could see 4 wights.

Vanquished Creatures
  A sky beast (D:7)
  An ogre (D:4)
  A wight (D:7)
  2 bombardier beetles (D:3)
  A hound (D:3)
  Crazy Yiuf (D:7)
  Jessica (D:3)
  An iguana (D:4)
  Terence (D:3)
  5 adders
  5 gnolls
  3 dart slugs
  A ribbon worm (D:3)
  An orc (D:3)
  4 endoplasms
  4 giant cockroaches
  5 goblins
  9 hobgoblins
  3 jackals (D:3)
  3 quokkas
  7 ball pythons
  4 bats
  3 frilled lizards (D:1)
  9 kobolds
  6 rats
82 creatures vanquished.

Notes
Turn   | Place    | Note
-------+----------+-------------------------------------------
     0 | D:1      | Monkooky the Naga Alchemist began the quest for the Orb.
     0 | D:1      | Reached XP level 1. HP: 15/15 MP: 3/3
   177 | D:1      | Reached XP level 2. HP: 22/22 MP: 3/5
   414 | D:1      | Reached skill level 4 in Alchemy
   648 | D:2      | Reached XP level 3. HP: 28/28 MP: 1/6
   890 | D:2      | Learned a level 3 spell: Mephitic Cloud
   963 | D:2      | Reached skill level 5 in Alchemy
  1161 | D:2      | Reached XP level 4. HP: 36/36 MP: 4/7
  1762 | D:3      | Noticed Jessica
  1776 | D:3      | Killed Jessica
  1777 | D:3      | Reached XP level 5. HP: 34/42 MP: 0/8
  1783 | D:3      | Learned a level 4 spell: Olgreb's Toxic Radiance
  1967 | D:3      | Reached skill level 6 in Alchemy
  2221 | D:3      | Reached XP level 6. HP: 49/49 MP: 0/9
  2497 | D:3      | Reached skill level 7 in Alchemy
  2654 | D:3      | Noticed Grinder
  2695 | D:3      | Noticed Terence
  2703 | D:3      | Killed Terence
  3139 | D:4      | Found a staircase to the Ecumenical Temple.
  3152 | Temple   | Entered the Ecumenical Temple
  3325 | Temple   | Became a worshipper of Ru the Awakened
  3420 | D:4      | Noticed Eustachio
  3432 | D:4      | You fall into a shaft and drop 3 floors!
  3511 | D:7      | Noticed a yak
  3534 | D:7      | Found a runed translucent door.
  3535 | D:7      | Noticed Crazy Yiuf
  3543 | D:7      | Learned a level 4 spell: Sticky Flame
  3551 | D:7      | Killed Crazy Yiuf
  3552 | D:7      | Reached XP level 7. HP: 42/55 MP: 1/13
  3788 | D:7      | Reached skill level 1 in Fire Magic
  3794 | D:7      | HP: 1/53 [wight/+0 morningstar (14)]
  3794 | D:7      | Slain by a wight

Illustrated notes

Levels and vault maps discovered:
D:1:      sevenhm_arrival_forest_fort_small_4, layout_rooms
D:2:      layout_loops_cross, minmay_diced_spiral
D:3:      layout_loops_corners, minmay_randomly_rotated_circles, uniq_jessica,
          uniq_terence, uniq_grinder
D:4:      layout_rooms, amcnicky_altar_gilded, minmay_temple_entry_mist,
          minmay_fractal_squares_diagonal_5, uniq_pikel, uniq_eustachio,
          uniq_duvessa
D:7:      layout_basic, mainiacjoe_overflow_boulevard,
          kennysheep_generic_room_5, uniq_crazy_yiuf_cottage, uniq_menkaure
Temple:   eino_temple_rhombus

Skill      XL: |  1  2  3  4  5  6  7 |
---------------+----------------------+-----
Alchemy        | 4 5 6 7 |  7.2
Conjurations   | 2 |  2.6
Spellcasting   | 4 |  4.0
Air Magic      | 2 |  2.0
Fire Magic     | 1 |  1.3
Dodging        | |  1.7
Stealth        | |  3.3

Action                     |  1- 3 |  4- 6 |  7- 9 || total
---------------------------+-------+-------+-------++-------
  Melee: Spear             |    20 |       |       ||    20
         Whip              |     4 |    17 |       ||    21
         Staff             |       |    32 |     4 ||    36
         Punch             |       |     1 |       ||     1
   Cast: Sting             |    54 |    46 |       ||   100
         Mephitic Cloud    |       |     5 |       ||     5
         Olgreb's Toxic Ra |       |     9 |     2 ||    11
         Sticky Flame      |       |       |     3 ||     3
    Use: Scroll            |       |     4 |     2 ||     6
         Potion            |       |     1 |     1 ||     2
   Stab: Confused          |       |     1 |       ||     1
 Armour: Robe              |    13 |    48 |     5 ||    66
  Dodge: Dodged            |    20 |    39 |     5 ||    64
